 Dungeon Crawl Stone Soup version 0.29.1-15-g9cfb28693d (webtiles) character file.

Game seed: 4266079572191808559

353 Mysteryquy the Sneak (level 6, 0/29 HPs)
             Began as a Spriggan Enchanter on May 2, 2023.
             Splashed by a jelly's acid (2 damage)
             ... on level 4 of the Dungeon.
             The game lasted 00:07:29 (3609 turns).

Mysteryquy the Sneak (Spriggan Enchanter)           Turns: 3609, Time: 00:07:30

Health: 0/29       AC: -10   Str:  4    XL:     6   Next: 35%
Magic:  13/13      EV: 18    Int: 18    God:
Gold:   175        SH:  0    Dex: 16    Spells: 11/13 levels left

rFire   . . .      SeeInvis +   a - +1 dagger
rCold   . . .      Faith    .   (no shield)
rNeg    . . .      Spirit   .   b - +0 robe
rPois   .          Reflect  .   (helmet restricted)
rElec   .          Harm     .   (no cloak)
rCorr   .          Rampage  .   (gloves unavailable)
Will    +....                   (boots unavailable)
Stlth   ++++......              (no amulet)
HPRegen 0.09/turn               (no ring)
MPRegen 0.13/turn               (no ring)

@: corroded, very quick
A: very small, no large weapons, unfitting armour, see invisible, speed 3
a: no special abilities


You were on level 4 of the Dungeon.
You visited 1 branch of the dungeon, and saw 4 of its levels.

You collected 175 gold pieces.

Inventory:

Hand Weapons
 a - a +1 dagger (weapon)
Missiles
 e - 6 poisoned darts (quivered)
Armour
 b - a +0 robe (worn)
 o - a +0 pair of gloves
Jewellery
 n - a ring of poison resistance
Scrolls
 f - 7 scrolls of identify {unknown}
 i - a scroll of magic mapping {unknown}
 j - a scroll of poison {unknown}
 k - a scroll of enchant armour {unknown}
 q - 2 scrolls of fear {unknown}
 r - a scroll of blinking {unknown}
 s - a scroll of immolation {unknown}
 w - a scroll of butterflies {unknown}
 x - a scroll of teleportation {unknown}
 y - a scroll of summoning {unknown}
Potions
 c - a potion of invisibility
 d - 2 potions of degeneration {unknown}
 g - 2 potions of haste {unknown}
 h - 2 potions of cancellation {unknown}
 l - 3 potions of curing {unknown}
 m - a potion of mutation {unknown}
 p - a potion of attraction {unknown}
 t - 2 potions of brilliance {unknown}
 u - a potion of might {unknown}
 v - a potion of flight {unknown}
 z - 2 potions of resistance {unknown}
 A - a potion of magic {unknown}


   Skills:
 + Level 0.6 Fighting
 + Level 2.1 Short Blades
 + Level 3.9 Dodging
 + Level 7.3 Stealth
 + Level 4.3 Spellcasting
 + Level 4.7 Hexes
 + Level 1.2 Ice Magic


You had 11 spell levels left.
You knew the following spells:

 Your Spells              Type           Power      Damage    Failure   Level
a - Ensorcelled Hibernat  Hex/Ice        28%        N/A       6%          2

Your spell library contained the following spells:

 Spells                   Type           Power      Damage    Failure   Level
 Confusing Touch          Hex            21%        N/A       6%          3
 Tukima's Dance           Hex            21%        N/A       6%          3
 Magic Dart               Conj           12%        1d3       14%         1
 Sting                    Tmut/Pois      12%        1d3       14%         1
 Dazzling Flash           Conj/Hex       24%        N/A       16%         3
 Inner Flame              Hex/Fire       12%        N/A       16%         3
 Cause Fear               Hex            10%        N/A       21%         4
 Call Imp                 Summ           3%         N/A       22%         2
 Poisonous Vapours        Pois/Air       6%         N/A       22%         2
 Mephitic Cloud           Conj/Pois/Air  3%         N/A       41%         3
 Stone Arrow              Conj/Erth      6%         3d7       41%         3
 Animate Armour           Summ/Erth      6%         N/A       82%         4
 Olgreb's Toxic Radiance  Pois           3%         N/A       82%         4
 Discord                  Hex            10%        N/A       100%        8
 Lehudib's Crystal Spear  Conj/Erth      1%         10d2      100%        8


Dungeon Overview and Level Annotations

Branches:
Dungeon (4/15)
 Temple: D:4-7

Altars:

Shops:
D:1 (=?*[


Innate Abilities, Weirdness & Mutations

You are very small and have problems with some larger weapons.
You are too small for most types of armour.
You have supernaturally acute eyesight. (SInv)
You cover ground extremely quickly. (Speed+++)


Message History

You hit the hobgoblin.
The hobgoblin is almost dead.
The hobgoblin hits you.
You barely miss the hobgoblin.
The hobgoblin is almost dead.
You hit the hobgoblin.
You kill the hobgoblin!
You start resting.
HP restored.
Things that are here:
a +0 chain mail; a +5 flail of protection You now have 160 gold pieces (gained 4).
f - 7 scrolls labelled ALAOL QEL FIA (gained 1)
You now have 175 gold pieces (gained 15).
A quokka comes into view.
A quokka is nearby!
A jelly comes into view.
Found a book of Misfortune.
The quokka completely misses you.
The jelly quivers.
You barely miss the jelly. You punch the jelly.
The jelly is lightly wounded.
The quokka barely misses you. The jelly barely misses you.
You completely miss the jelly.
The jelly is lightly wounded.
The quokka barely misses you. The jelly barely misses you.
You hit the jelly. The acid corrodes you!
Your hands burn!
The jelly is moderately wounded.
The quokka completely misses you.
You hit the jelly.
Your hands burn!
The jelly is moderately wounded.
The jelly hits you. The acid corrodes you!
You are splashed with acid.
The quokka misses you.
You hit the jelly. The acid corrodes you!
Your hands burn!
The jelly is heavily wounded.
The jelly hits you.
You are splashed with acid!
* * * LOW HITPOINT WARNING * * *
The quokka barely misses you.
You hit the jelly.
Your hands burn!
You die...

#### .. #..# .....
#..###...... #...
#.:..#...........
###.##........##...
#..........#.. #...
#..r..........##...
#J@..?.....##..#...
#..........###...##
#.................#
#..................
#..................
###.####..........#
#.# #.#........#
#.####.#.........
#.#............#.


You could see a jelly and a quokka.

Vanquished Creatures
  Edmund (D:4)
  A black bear (D:3)
  Crazy Yiuf (D:3)
  3 adders
  2 worms
  2 orcs (D:3)
  5 ball pythons
  4 endoplasms
  3 giant cockroaches
  8 goblins
  6 hobgoblins
  11 jackals
  3 kobolds
  5 quokkas
  5 bats
  5 frilled lizards
  11 rats
76 creatures vanquished.

Vanquished Creatures (others)
  2 plants (D:3)
2 creatures vanquished.

Grand Total: 78 creatures vanquished

Notes
Turn   | Place    | Note
-------+----------+-------------------------------------------
     0 | D:1      | Mysteryquy the Spriggan Enchanter began the quest for the
                  | Orb.
     0 | D:1      | Reached XP level 1. HP: 9/9 MP: 5/5
    26 | D:1      | Found Wusitz's Jewellery Shoppe.
   221 | D:1      | Reached XP level 2. HP: 13/13 MP: 6/6
   227 | D:1      | Found a faded altar of an unknown god.
   231 | D:1      | Found Gulauv's Magic Scroll Shoppe.
   349 | D:1      | Found Bajicsiv's General Store.
   367 | D:1      | Found Umojimuq's Antique Armour Boutique.
   602 | D:2      | Learned a level 2 spell: Ensorcelled Hibernation
   814 | D:2      | Reached skill level 5 in Stealth
   818 | D:2      | Reached XP level 3. HP: 9/16 MP: 0/8
  1019 | D:1      | Found Cuajaot's Antique Weapon Shop.
  2051 | D:3      | Reached XP level 4. HP: 21/21 MP: 9/9
  2291 | D:3      | Noticed a black bear
  2637 | D:4      | Noticed Edmund
  2692 | D:3      | Found a runed translucent door.
  2693 | D:3      | Noticed Crazy Yiuf
  2738 | D:3      | Killed Crazy Yiuf
  2739 | D:3      | Reached skill level 6 in Stealth
  2847 | D:3      | Reached XP level 5. HP: 25/25 MP: 11/11
  2917 | D:3      | Killed a black bear
  2918 | D:3      | Reached skill level 1 in Ice Magic
  3010 | D:4      | Killed Edmund
  3011 | D:4      | Reached skill level 7 in Stealth
  3011 | D:4      | Reached XP level 6. HP: 3/29 MP: 7/13
  3609 | D:4      | Splashed by a jelly's acid

Illustrated notes

Levels and vault maps discovered:
D:1:      lightli_arrival_noodles, layout_basic, serial_shops, shop,
          nicolae_shop_overgrown_old_shop, nicolae_diamond_shop, shop,
          nicolae_diamond_shop, ebering_ecumenical_altar_petrified,
          minmay_pentomino_x4
D:2:      layout_basic
D:3:      layout_rooms, corexii_shack, uniq_crazy_yiuf_cottage
D:4:      layout_rooms, uniq_edmund

Skill      XL: |  1  2  3  4  5 |
---------------+----------------+-----
Hexes          | 4 |  4.7
Dodging        | 3 |  3.9
Stealth        | 5 6 7 |  7.3
Spellcasting   | 3 4 |  4.3
Ice Magic      | 1 |  1.2
Short Blades   | 2 |  2.1
Fighting       | |  0.6

Action                   |  1- 3 |  4- 6 || total
-------------------------+-------+-------++-------
Melee: Dagger            |   160 |    65 ||   225
       Punch             |       |     1 ||     1
 Cast: Ensorcelled Hiber |    10 |    20 ||    30
  Use: Potion            |       |     1 ||     1
 Stab: Sleeping          |    19 |    13 ||    32
       Invisible         |       |     2 ||     2
Armor: Robe              |    22 |     6 ||    28
Dodge: Dodged            |   157 |    57 ||   214
